 Dungeon Sprint DCSS version 0.30-a0-219-gf2db51d15e (webtiles) character file.

Game seed: 2787617664392085760

72 rocky1 the Sneak (level 4, -1/63 HPs)
             Began as a Naga Ice Elementalist on Oct 7, 2022.
             Was a Believer of Cheibriados.
             Slain by a water moccasin (3 damage)
             ... in the Dungeon (Sprint VII: "The Pits").
             The game lasted 00:01:43 (208 turns).

rocky1 the Sneak (Naga Ice Elementalist)             Turns: 208, Time: 00:01:44

Health: -1/63      AC:  2    Str: 15    XL:     4   Next: 25%
Magic:  8/9        EV: 10    Int: 22    God:    Cheibriados [**....]
Gold:   0          SH:  0    Dex: 17    Spells: 3/10 levels left

rFire   . . .      SeeInvis +    k - +2 dagger
rCold   . . .      Faith    .    (no shield)
rNeg    . . .      Spirit   .    a - +0 robe
rPois   +          Reflect  .    (no helmet)
rElec   .          Harm     .    (no cloak)
rCorr   .          Rampage  .    (no gloves)
Will    .....      NoTele   +    (no barding)
Stlth   ..........               (no amulet)
HPRegen 0.30/turn                (no ring)
MPRegen 0.11/turn                (no ring)

@: berserking, lethally poisoned (-1 -> -4), very slow
A: AC +1, large, see invisible, deformed body, poison resistance, slowness 2,
spit poison 1, naga tail 1
a: Spit Poison, Renounce Religion, Bend Time


You were in the Dungeon.
You worshipped Cheibriados.
Cheibriados was pleased with you.
You visited 1 branch

Inventory:

Hand Weapons
 k - a +2 dagger (weapon)
 l - a +2 falchion
Armour
 a - a +0 robe (worn)
Scrolls
 g - a scroll of blinking
 i - 5 scrolls of amnesia
 j - a scroll of summoning
Potions
 b - 5 potions of magic
 c - a potion of curing
 e - a potion of haste
 f - a potion of berserk rage
 h - 2 potions of invisibility


   Skills:
 + Level 3.1 Fighting
 + Level 3.1 Short Blades
 - Level 1.5 Dodging
 + Level 6.3 Stealth
 + Level 3.8 Spellcasting
 + Level 5.3 Ice Magic
 + Level 0.0 Invocations


You had 3 spell levels left.
You knew the following spells:

 Your Spells              Type           Power      Damage    Failure   Level
a - Freeze                Ice            100%       1d11      1%          1
b - Frozen Ramparts       Ice            54%        1d9       3%          3
c - Ozocubu's Armour      Ice            27%        N/A       3%          3

Your spell library contained the following spells:

 Spells                   Type           Power      Damage    Failure   Level
 Summon Ice Beast         Ice/Summ       16%        N/A       36%         4


Dungeon Overview and Level Annotations

Branches:
Dungeon (1/1)

Altars:
Ashenzari
Cheibriados
Dithmenos
Elyvilon
Fedhas
Gozag
Hepliaklqana
Kikubaaqudgha
Makhleb
Nemelex Xobeh
Okawaru
Qazlal
Ru
Sif Muna
Trog
Uskayaw
Vehumet
Wu Jian
Xom
Yredelemnul
Zin
The Shining One
Jiyva
Lugonu


Innate Abilities, Weirdness & Mutations

Your serpentine skin is tough. (AC +1)
You have supernaturally acute eyesight. (SInv)
Armour fits poorly on your strangely shaped body.
Your system is resistant to poisons. (rPois)
You cover ground very slowly.
You can spit poison.
You have a snake-like lower body.


Message History

Unknown command.
Unknown command.
You barely miss the orc. You hit the orc.
The orc is moderately wounded.
The orc hits you with a +0 falchion. The water moccasin bites you.
Unknown command.
Casting: Freeze (safe; 1% risk of failure)
Confirm with . or Enter, or press ? or * to list all spells.
Aiming: Freeze (safe; 1% risk of failure)
Press: ? - help, Shift-Dir - straight line, f - water moccasin
Aim: a water moccasin You freeze the water moccasin.
The water moccasin is lightly wounded.
The water moccasin seems to slow down.
The orc hits you with a +0 falchion. The water moccasin bites you.
You are poisoned.
The water moccasin poisons you!
A red film seems to cover your vision as you go berserk!
Cheibriados forces you to slow down.
You feel mighty!
You feel sick. The water moccasin bites you. The orc closely misses you.
You puncture the water moccasin!
The water moccasin is heavily wounded.
You feel sick.
You hit the water moccasin.
The water moccasin is severely wounded.
You feel sick. The orc hits you with a +0 falchion.
* * * LOW HITPOINT WARNING * * *
The water moccasin bites you.
* * * LOW HITPOINT WARNING * * *
You barely miss the water moccasin.
The water moccasin is severely wounded.
You feel sick. The orc closely misses you. The water moccasin bites you!
* * * LOW HITPOINT WARNING * * *
You puncture the water moccasin!
The water moccasin is almost dead.
* * * LOW HITPOINT WARNING * * *
You feel sick. The orc closely misses you. The water moccasin bites you.
You die...

#.?(.'.))'.##......#.
##########.##........
#.........†.'........
#+#####'#####......#.
#..#.†# #........
#..†..# ####'####
#..#### #.......#
#..#..# #.......#
#o@#..# #.......#
##S#S.#+###...<...#
#.o......##.......#
#........##.......#
###########.......#
#########


You could see a water moccasin (slow) and 2 orcs.

Vanquished Creatures
  A scorpion (D)
  A ball python (D)
  2 endoplasms (D)
  A giant cockroach (D)
  A hobgoblin (D)
  A quokka (D)
7 creatures vanquished.

Notes
Turn   | Place    | Note
-------+----------+-------------------------------------------
     0 | D        | rocky1 the Naga Ice Elementalist began the quest for the
                  | Orb.
     0 | D        | Reached XP level 1. HP: 15/15 MP: 3/3
    47 | D        | Found a bloodstained altar of Trog.
    47 | D        | Found a shimmering blue altar of Sif Muna.
    47 | D        | Found a viscous altar of Jiyva.
    47 | D        | Found a hazy altar of Hepliaklqana.
    47 | D        | Found an opulent altar of Gozag.
    48 | D        | Found a glowing golden altar of the Shining One.
    48 | D        | Found a glowing silver altar of Zin.
    48 | D        | Found a basalt altar of Yredelemnul.
    48 | D        | Found a shimmering altar of Xom.
    48 | D        | Found an ornate altar of the Wu Jian Council.
    48 | D        | Found a sacrificial altar of Ru.
    48 | D        | Found a stormy altar of Qazlal.
    48 | D        | Found an iron altar of Okawaru.
    48 | D        | Found a sparkling altar of Nemelex Xobeh.
    48 | D        | Found a burning altar of Makhleb.
    48 | D        | Found a blossoming altar of Fedhas.
    48 | D        | Found a white marble altar of Elyvilon.
    48 | D        | Found a shadowy altar of Dithmenos.
    48 | D        | Found a snail-covered altar of Cheibriados.
    50 | D        | Found a radiant altar of Vehumet.
    50 | D        | Found a corrupted altar of Lugonu.
    51 | D        | Found a hide-covered altar of Uskayaw.
    51 | D        | Found an ancient bone altar of Kikubaaqudgha.
    51 | D        | Found a broken altar of Ashenzari.
    59 | D        | Became a worshipper of Cheibriados the Contemplative
    98 | D        | Reached * piety under Cheibriados
    99 | D        | Reached skill level 4 in Stealth
   101 | D        | Reached skill level 1 in Fighting
   101 | D        | Reached skill level 1 in Short Blades
   101 | D        | Reached XP level 2. HP: 25/25 MP: 2/5
   130 | D        | Noticed a scorpion
   138 | D        | Killed a scorpion
   138 | D        | Reached ** piety under Cheibriados
   139 | D        | Reached skill level 6 in Stealth
   139 | D        | Reached skill level 5 in Ice Magic
   139 | D        | Reached XP level 3. HP: 34/34 MP: 5/8
   139 | D        | Reached XP level 4. HP: 42/42 MP: 5/9
   184 | D        | Learned a level 3 spell: Frozen Ramparts
   188 | D        | Learned a level 3 spell: Ozocubu's Armour
   193 | D        | Noticed a water moccasin
   207 | D        | HP: 3/63 [water moccasin (9)]
   208 | D        | Slain by a water moccasin

Illustrated notes

Levels and vault maps discovered:
D:        pitsprint [storerooms_1, entrance_room_1, metal_vault_4, armoury_3,
          mini_pit_1, grid_room_1, main_hall_1, silver_pit, the_coven_2,
          the_vestibule_1, steel_vault_2, golden_pit, hallway_of_sentries,
          crystal_vault_1, iron_vault_4, final_vault]

Skill      XL: |  1  2 |
---------------+-------+-----
Stealth        | 4 6 |  6.3
Fighting       | 1 3 |  3.1
Short Blades   | 1 3 |  3.1
Spellcasting   | 3 |  3.8
Ice Magic      | 5 |  5.3
Dodging        | |  1.5

Action                   |  1- 3 |  4- 6 || total
-------------------------+-------+-------++-------
Melee: Dagger            |     8 |     9 ||    17
 Cast: Freeze            |     5 |     1 ||     6
  Use: Potion            |     2 |     1 ||     3
Armor: Robe              |     1 |     1 ||     2
Dodge: Dodged            |     7 |     7 ||    14

Table legend: (Time is in decaauts)
 A = Elapsed time spent in this place.
 B = Non-inter-level travel time spent in this place.
 C = Inter-level travel time spent in this place.
 D = Time resting spent in this place.
 E = Time spent auto-exploring this place.
 F = Levels seen in this place.
 G = Mean time per level.
                   A        B        C        D        E       F      G
               +--------+--------+--------+--------+--------+-----+--------+
         Total |    265 |    265 |      0 |     91 |      0 |   1 |  265.0 |
       Dungeon |    265 |    265 |      0 |     91 |      0 |   1 |  265.0 |
               +--------+--------+--------+--------+--------+-----+--------+

Top non-repeatable levels by time:
       D: 265 daAuts
